 Dungeon Crawl Stone Soup version 0.25-a0-85-g7617fd2bc2 (webtiles) character file.

Game seed: 13506328382292149914, levelgen mode: deterministic

474 D1HalberdGnoll the Poker (level 7, -3/54 HPs)
             Began as a Merfolk Skald on Nov 8, 2019.
             Slain by Prince Ribbit (16 damage)
             ... on level 5 of the Dungeon.
             The game lasted 00:07:53 (5342 turns).

D1HalberdGnoll the Poker (Merfolk Skald)            Turns: 5342, Time: 00:07:53

Health: -3/54      AC:  7    Str: 13    XL:     7   Next: 10%
Magic:  5/10       EV: 14    Int: 12    God:
Gold:   208        SH:  0    Dex: 14    Spells: 9/10 levels left

rFire    . . .     SeeInvis .   r - +0 trident
rCold    . . .     Gourm    .   (no shield)
rNeg     . . .     Faith    .   t - +0 leather armour (curse)
rPois    .         Spirit   .   p - +1 helmet
rElec    .         Reflect  .   (no cloak)
rCorr    .         Harm     .   (no gloves)
MR       .....                  a - +1 pair of boots
Stlth    +.........             (no amulet)
HPRegen  0.18/turn              (no ring)
MPRegen  0.12/turn              (no ring)

@: infused (expiring), very slightly contaminated
A: change form in water, swift swim, stealthy swim
a: no special abilities


You were on level 5 of the Dungeon.
You were not hungry.

You visited 1 branch of the dungeon, and saw 5 of its levels.

You collected 208 gold pieces.

Inventory:

Hand Weapons
 r - a +0 trident (weapon)
Missiles
 s - 29 poisoned darts (quivered)
Armour
 a - a +1 pair of boots (worn)
 b - a +0 leather armour
 p - a +1 helmet (worn)
 t - a cursed +0 leather armour (worn)
 u - a +1 cloak
 y - a +0 cloak
Jewellery
 f - an uncursed amulet of the acrobat {unknown}
 h - an uncursed amulet of harm {unknown}
Wands
 q - a wand of flame (18)
Scrolls
 c - 7 scrolls of enchant armour {unknown}
 e - 4 scrolls of teleportation {unknown}
 g - 6 scrolls of identify {unknown}
 v - a scroll of fear {unknown}
 x - a scroll of enchant weapon {unknown}
 A - a scroll of fog {unknown}
Potions
 i - a potion of mutation {unknown}
 j - a potion of might {unknown}
 l - a potion of agility {unknown}
 m - a potion of heal wounds {unknown}
 n - a potion of degeneration {unknown}
 o - a potion of haste {unknown}
 w - a potion of lignification {unknown}
Comestibles
 d - 10 rations


   Skills:
 + Level 4.1 Fighting
 * Level 7.4 Polearms
 + Level 2.0 Armour
 + Level 5.0 Dodging
 - Level 2.0 Spellcasting
 - Level 3.2 Charms


You had 9 spell levels left.
You knew the following spells:

 Your Spells              Type           Power        Failure   Level  Hunger
a - Infusion              Chrm           #...         9%          1    ##.....

Your spell library contained the following spells:

 Spells                   Type           Power        Failure   Level  Hunger
 Song of Slaying          Chrm           #.......     14%         2    ###....
 Shroud of Golubria       Chrm/Tloc      #.....       26%         2    ###....
 Regeneration             Chrm/Necr      #.........   47%         3    ####...
 Spectral Weapon          Hex/Chrm       #.......     47%         3    ####...


Dungeon Overview and Level Annotations

Branches:
Dungeon (5/15)             Temple (0/1) D:5

Altars:
Ashenzari
Ru

Annotations:
D:5 Prince Ribbit


Message History

The hound closely misses you. The hound barely misses you.
Attack whom?
Press: ? - help, Dir - move target cursor, f/p - hound
Aim: a hound (severely wounded)
You hit the hound!
You kill the hound!
Your Dodging skill increases to level 5!
Attack whom?
Press: ? - help, Dir - move target cursor, f - Prince Ribbit
Aim: Prince Ribbit (lightly wounded)
You closely miss Prince Ribbit.
Prince Ribbit is lightly wounded.
Prince Ribbit hits you!
* * * LOW HITPOINT WARNING * * *
Prince Ribbit hits you.
* * * LOW HITPOINT WARNING * * *
You feel better.
Prince Ribbit winks and puckers his lips.
Prince Ribbit hits you!
You die...

#...## .#.. ###. . #.. .#.
..# ..!. #.# .#.#.# #.#
....a.###@# #.8.#...#F#
......#..a# #####
8.>.8...#.# #...#####
......#...### ###.#......
#.8.#.......####...#......
.........#..(....#####.##.
.#.#.######.####...#...##.
.... ##.## ###.#.#....


You could see Prince Ribbit and a worker ant.

Vanquished Creatures
  A centaur (D:5)
  Blork the orc (D:4)
  A hound (D:5)
  An orc wizard (D:5)
  An iguana (D:5)
  3 worker ants
  Robin (D:2)
  4 adders
  A howler monkey skeleton (D:4)
  An adder skeleton (D:2)
  A worm (D:5)
  4 leopard geckos
  15 orcs
  3 giant cockroaches
  13 goblins
  13 hobgoblins
  8 jackals (D:3)
  6 bats
  2 frilled lizards
  5 kobolds
  A quokka zombie (D:5)
  5 rats
91 creatures vanquished.

Notes
Turn   | Place    | Note
-------+----------+-------------------------------------------
     0 | D:1      | D1HalberdGnoll the Merfolk Skald began the quest for the
                  | Orb.
     0 | D:1      | Reached XP level 1. HP: 16/16 MP: 3/3
   141 | D:1      | Reached XP level 2. HP: 23/23 MP: 5/5
   311 | D:1      | Reached skill level 4 in Polearms
   482 | D:1      | Reached XP level 3. HP: 28/28 MP: 6/6
   744 | D:2      | Found a faded altar of an unknown god.
   800 | D:2      | Found a sacrificial altar of Ru.
  1032 | D:2      | Noticed Robin
  1576 | D:1      | Reached XP level 4. HP: 34/34 MP: 7/7
  1802 | D:2      | Killed Robin
  1802 | D:2      | Reached skill level 5 in Polearms
  2801 | D:3      | Reached skill level 1 in Armour
  3722 | D:3      | Reached XP level 5. HP: 41/41 MP: 8/8
  3815 | D:4      | Found a shattered altar of Ashenzari.
  4118 | D:4      | Noticed Blork the orc
  4135 | D:4      | Killed Blork the orc
  4135 | D:4      | Reached skill level 6 in Polearms
  4135 | D:4      | Reached XP level 6. HP: 31/47 MP: 3/9
  4447 | D:5      | Entered Level 5 of the Dungeon
  5132 | D:5      | Reached skill level 7 in Polearms
  5132 | D:5      | Reached XP level 7. HP: 24/54 MP: 10/10
  5325 | D:5      | Found a staircase to the Ecumenical Temple.
  5326 | D:5      | Noticed Prince Ribbit
  5340 | D:5      | Reached skill level 5 in Dodging
  5342 | D:5      | Slain by Prince Ribbit

Levels and vault maps discovered:
D:1:      dpeg_arrival_simpleton_b, layout_loops_ring, minmay_3d_cube
D:2:      layout_basic, hangedman_ru_absence, chequers_ecumenical_altar_island,
          uniq_robin
D:3:      layout_basic
D:4:      layout_basic, cheibrodos_ashenzari_chains, uniq_blork_the_orc
D:5:      layout_loops_cross, minmay_temple_entry_sparse_star, first_ration,
          minmay_strange_pillars, uniq_prince_ribbit1, uniq_pikel, uniq_duvessa

Skill      XL: |  1  2  3  4  5  6  7 |
---------------+----------------------+-----
Dodging        | 3 4 5 |  5.0
Polearms       | 4 5 6 7 |  7.4
Fighting       | 3 4 |  4.1
Armour         | 1 2 |  2.0
Spellcasting   | |  2.0
Charms         | |  3.2

Action                   |  1- 3 |  4- 6 |  7- 9 || total
-------------------------+-------+-------+-------++-------
Melee: Spear             |   118 |    89 |       ||   207
       Trident           |       |   166 |     8 ||   174
 Cast: Infusion          |     5 |    11 |     1 ||    17
  Use: Potion            |       |       |     1 ||     1
 Stab: Sleeping          |     4 |       |       ||     4
  Eat: Chunk             |     2 |     9 |       ||    11
       Ration            |       |     1 |       ||     1
Armor: Leather armour    |    20 |    40 |       ||    60
Dodge: Dodged            |    63 |   158 |     7 ||   228

Table legend:
 A = Non-vault XP
 B = Vault XP
 C = Vault XP percentage of total XP
 D = Non-vault monster count
 E = Vault monster count
 F = Vault count percentage of total count
                 A         B        C        D         E       F
            +---------+---------+-------+---------+---------+-------
      Total |     538 |     140 |  20.6 |      76 |      15 |  16.5
            +---------+---------+-------+---------+---------+-------
        D:1 |      32 |      19 |  37.3 |      20 |      10 |  33.3
        D:2 |      40 |      22 |  35.5 |      14 |       4 |  22.2
        D:3 |      52 |       0 |   0.0 |      22 |       0 |   0.0
        D:4 |     118 |      99 |  45.6 |       9 |       1 |  10.0
        D:5 |     296 |       0 |   0.0 |      11 |       0 |   0.0
            +---------+---------+-------+---------+---------+-------
